 Dungeon Crawl Stone Soup version 0.29.1-12-g30fa7ad0bf (webtiles) character file.

Game seed: 2515087394429501586

23 hawla the Chiller (level 3, -4/26 HPs)
             Began as a Meteoran Ice Elementalist on Dec 26, 2022.
             Slain by a gnoll
             ... wielding a +2 vorpal halberd
              (10 damage)
             ... on level 2 of the Dungeon.
             The game lasted 00:01:55 (224 turns).

hawla the Chiller (Meteoran Ice Elementalist)        Turns: 224, Time: 00:01:55

Health: -4/26      AC:  4    Str:  9    XL:     3   Next: 26%
Magic:  5/8        EV: 12    Int: 18    God:
Gold:   7          SH:  0    Dex: 15    Spells: 7/8 levels left

rFire   . . .      SeeInvis .   (no weapon)
rCold   . . .      Faith    .   (no shield)
rNeg    . . .      Spirit   .   a - +0 robe
rPois   .          Reflect  .   c - +2 hat
rElec   .          Harm     .   (no cloak)
rCorr   .          Rampage  .   (no gloves)
Will    .....                   (no boots)
Stlth   +.........              (no amulet)
HPRegen 0.08/turn               (no ring)
MPRegen 0.11/turn               (no ring)

@: glowing
A: sense surroundings 1, otherworldly, glowing, explore regen
a: no special abilities


You were on level 2 of the Dungeon.
You visited 1 branch of the dungeon, and saw 2 of its levels.

You collected 7 gold pieces.

Inventory:

Armour
 a - a +0 robe (worn)
 c - a +2 hat (worn)


   Skills:
 + Level 2.5 Dodging
 - Level 1.4 Stealth
 + Level 3.1 Spellcasting
 + Level 5.1 Ice Magic


You had 7 spell levels left.
You knew the following spells:

 Your Spells              Type           Power      Damage    Failure   Level
a - Freeze                Ice            84%        1d10      1%          1

Your spell library contained the following spells:

 Spells                   Type           Power      Damage    Failure   Level
 Frozen Ramparts          Ice            42%        1d7       6%          3
 Ozocubu's Armour         Ice            21%        N/A       6%          3
 Hailstorm                Conj/Ice       12%        3d5       50%         4


Dungeon Overview and Level Annotations

Branches:
Dungeon (2/15) Zot: 975

Altars:


Innate Abilities, Weirdness & Mutations

You passively map a small area around you.
You are easily found by Zot.
You glow in the dark.
You regain HP and MP as you explore.


Message History

You feel clever. x2; You feel agile.
Okay, then.
Magic courses through your body. The ball python closely misses you.
The ball python grabs you. The ball python constricts you.
The ball python misses you. The ball python constricts you.
Casting: Freeze (safe; 1% risk of failure)
Confirm with . or Enter, or press ? or * to list all spells.
Aiming: Freeze (safe; 1% risk of failure)
Press: ? - help, Shift-Dir - straight line, f - ball python
Aim: a ball python (constricting you)
You freeze the ball python.
You kill the ball python!
Casting: Freeze (safe; 1% risk of failure)
Confirm with . or Enter, or press ? or * to list all spells.
Aiming: Freeze (safe; 1% risk of failure)
Press: ? - help, Shift-Dir - straight line, f - gnoll
Aim: a gnoll, wielding a +0 whip You freeze the gnoll.
The gnoll is moderately wounded.
The gnoll misses you.
Casting: Freeze (safe; 1% risk of failure)
Confirm with . or Enter, or press ? or * to list all spells.
Aiming: Freeze (safe; 1% risk of failure)
Press: ? - help, Shift-Dir - straight line, f/p - gnoll
Aim: a gnoll, wielding a +0 whip (lightly wounded)
You freeze the gnoll.
The gnoll is heavily wounded.
The gnoll closely misses you. The gnoll barely misses you.
Casting: Freeze (safe; 1% risk of failure)
Confirm with . or Enter, or press ? or * to list all spells.
Aiming: Freeze (safe; 1% risk of failure)
Press: ? - help, Shift-Dir - straight line, f/p - gnoll
Aim: a gnoll, wielding a +0 whip (heavily wounded)
You freeze the gnoll.
The gnoll is severely wounded.
A gnoll comes into view. It is wielding a +0 halberd.
The gnoll hits you with a +0 whip.
* * * LOW HITPOINT WARNING * * *
The gnoll hits you from afar with a +2 vorpal halberd!
You die...

* .. , #.#* , ,
######.## * * * ,
...g....# , , ######..#
* , ######..#### ,, ,,
...........# #,
######..##g########..#,
.g..w......w..gg@...#
####...#.#)#.#.###.## *
##..........# *,# ,* *
##.#.#.#...# * * *
#........## *
#.#.#.#..# , *, ,
*#.......## .....#### *
*


You could see a worm and 3 gnolls.

Vanquished Creatures
  An adder (D:2)
  A dart slug (D:1)
  3 endoplasms (D:1)
  A goblin (D:1)
  A quokka (D:1)
  2 ball pythons
  3 kobolds (D:1)
12 creatures vanquished.

Notes
Turn   | Place    | Note
-------+----------+-------------------------------------------
     0 | D:1      | hawla the Meteoran Ice Elementalist began the quest for the
                  | Orb.
     0 | D:1      | Reached XP level 1. HP: 14/14 MP: 5/5
    80 | D:1      | Reached XP level 2. HP: 11/20 MP: 0/6
   220 | D:2      | Reached skill level 5 in Ice Magic
   220 | D:2      | Reached XP level 3. HP: 7/26 MP: 3/8
   224 | D:2      | Slain by a gnoll

Illustrated notes

Levels and vault maps discovered:
D:1:      ncdulo_smallfort, layout_basic, shapermc_ecumenical_altar_flowoftime,
          kennysheep_decorative_pillar
D:2:      layout_loops_corners, serial_glass, glass_columns_c, glass_columns_b,
          glass_columns_c, glass_columns_b, glass_columns_c, nicolae_wormholes

Skill      XL: |  1  2 |
---------------+-------+-----
Spellcasting   | 3 |  3.1
Ice Magic      | 5 |  5.1
Dodging        | |  2.5
Stealth        | |  1.4

Action                   || total
-------------------------++-------
Melee: Unarmed           ||     8
 Cast: Freeze            ||    26
  Use: Scroll            ||     1
       Potion            ||     1
Armor: Robe              ||     8
Dodge: Dodged            ||    26
